 Dungeon Crawl Stone Soup version 0.31-a0-188-g5e087ee2ca (webtiles) character file.

Game seed: 7441100084815983007

79 qw the Shooter (level 4, -2/25 HPs)
             Began as a Deep Elf Hunter on June 22, 2023.
             Slain by Natasha (5 damage)
             ... on level 2 of the Dungeon.
             The game lasted 00:00:20 (938 turns).

qw the Shooter (Deep Elf Hunter)                     Turns: 938, Time: 00:00:21

Health: -2/25      AC:  8    Str: 10    XL:     4   Next: 17%
Magic:  6/6        EV:  9    Int: 14    God:
Gold:   2          SH:  0    Dex: 18    Spells: 3/3 levels left

rFire   . . .        Y - +0 shortbow
rCold   + . .        (shield currently unavailable)
rNeg    . . .        b - +2 scale mail {rC+}
rPois   .            (no helmet)
rElec   .            (no cloak)
rCorr   .            (no gloves)
SInv    .            (no boots)
Will    .....        c - amulet of faith
Stlth   +            (no ring)
HPRegen 0.24/turn    (no ring)
MPRegen 0.10/turn

%: faith
@: no status effects
A: no striking features
a: no special abilities


You were on level 2 of the Dungeon.
You visited 1 branch of the dungeon, and saw 2 of its levels.

You collected 35 gold pieces.
You spent 33 gold pieces at shops.


   Skills:
 - Level 1.5 Fighting
 + Level 7.6 Ranged Weapons
 - Level 2.4 Dodging
 - Level 1.2 Stealth


You had 3 spell levels left.
You didn't know any spells.
Your spell library was empty.

Inventory:

Hand Weapons
 Y - a +0 shortbow (weapon)
Armour
 b - a +2 scale mail of cold resistance (worn)
Jewellery
 c - an amulet of faith (around neck)
Scrolls
 a - a scroll of identify
Potions
 d - 2 potions of curing

Dungeon Overview and Level Annotations

Branches:
Dungeon (2/15)

Altars:

Shops:
D:1 !   D:2 :

Annotations:
D:2 Natasha


Message History

Natasha is severely wounded.
The cerulean imp hits you from afar with a +0 spear.
Natasha closely misses you.
You shoot an arrow. The arrow closely misses Natasha.
The cerulean imp hits you from afar with a +0 spear.
Natasha casts a spell at you.
You feel yourself slow down. The cerulean imp barely misses you.
You shoot an arrow. The arrow hits Natasha.
You kill Natasha!
Natasha screams in fury as she dies!
The cerulean imp disappears in a puff of smoke!
You have reached level 4!
You feel clever.
You start resting.
Natasha, Servant of Life and Death comes into view.
You shoot an arrow.
Natasha hisses angrily.
The arrow hits Natasha but does no damage.
A frilled lizard comes into view.
931 ||| FLEEEEING.
You see here a +0 robe.
932 ||| STILL FLEEEEING.
You shoot an arrow. The arrow barely misses Natasha.
Natasha claws you.
You shoot an arrow. The frilled lizard hisses angrily.
The arrow hits Natasha.
Natasha is lightly wounded.
You feel yourself speed up.
Natasha hisses.
Natasha claws you. Natasha closely misses you.
You shoot an arrow. The arrow closely misses Natasha.
Natasha closely misses you. Natasha barely misses you.
You shoot an arrow. The arrow hits Natasha!
Natasha is severely wounded.
Natasha claws you but does no damage.
You shoot an arrow. The arrow barely misses Natasha.
Natasha closely misses you.
You shoot an arrow. The arrow closely misses Natasha.
Natasha claws you.
You die...

#.....## ##......#
#.......##
#.<......########
#..?..<.........#
##.....###.#..#:#
...#.....#........
##.....#........#
#####.##@h.+++.#
#.###l.+\+ #..
#..'++#...
....#)........
.h..:.....##...
.........[...
..........#..l.
..........#....
..#.#...... ...


You could see Natasha and a frilled lizard.

Vanquished Creatures
  Jessica (D:2)
  Natasha (D:2)
  4 bats (D:1)
  An endoplasm (D:1)
  3 giant cockroaches (D:1)
  4 goblins (D:1)
  A hobgoblin (D:1)
  2 quokkas (D:1)
  4 ball pythons (D:1)
  3 frilled lizards (D:1)
  A kobold (D:1)
  4 rats (D:1)
29 creatures vanquished.

Notes
Turn   | Place    | Note
-------+----------+-------------------------------------------
     0 | D:1      | qw the Deep Elf Hunter began the quest for the Orb.
     0 | D:1      | Reached XP level 1. HP: 12/12 MP: 3/3
     0 | D:1      | 0 ||| qw: Version: 0.3-a-9-g12657ce
     0 | D:1      | 0 ||| qw: Game counter: 3069
     0 | D:1      | 0 ||| qw: Always use a shield: true
     0 | D:1      | 0 ||| qw: God list: Okawaru
     0 | D:1      | 0 ||| qw: Allow faded altars: false
     0 | D:1      | 0 ||| qw: Do Orc after D:15 true
     0 | D:1      | 0 ||| qw: Do second Lair branch before Depths: true
     0 | D:1      | 0 ||| qw: Lair rune preference: random
     0 | D:1      | 0 ||| qw: Plans: Normal
     0 | D:1      | 0 ||| PLANNING D:1-11
    97 | D:1      | Reached XP level 2. HP: 16/16 MP: 4/4
   103 | D:1      | Reached skill level 6 in Ranged Weapons
   109 | D:1      | You fall into a shaft and drop 1 floor!
   110 | D:2      | 110 ||| UPGRADING to +0 ring mail.
   120 | D:2      | 120 ||| DROPPING +0 leather armour.
   121 | D:2      | 121 ||| DROPPING scroll of butterflies.
   183 | D:1      | Found a faded altar of an unknown god.
   392 | D:1      | Found Taymoont's Distillery.
   424 | D:1      | 424 ||| BUYING potion of curing (33 gold).
   424 | D:1      | Bought a potion of curing for 33 gold pieces
   424 | D:1      | 424 ||| SHOPLISTING potion of enlightenment (55 gold, have
                  | 2).
   424 | D:1      | 424 ||| SHOPLISTING potion of haste (110 gold, have 2).
   424 | D:1      | 424 ||| SHOPLISTING potion of resistance (110 gold, have
                  | 2).
   737 | D:1      | Reached XP level 3. HP: 20/20 MP: 5/5
   857 | D:1      | 857 ||| UPGRADING to +2 scale mail of cold resistance.
   867 | D:1      | 867 ||| DROPPING +0 ring mail.
   868 | D:1      | 868 ||| READING 2 scrolls labelled VOLASIONOCK.
   869 | D:1      | 869 ||| READING scroll labelled CIESHU QUNTIYSH.
   869 | D:1      | Identified a scroll of acquirement
   869 | D:1      | 869 ||| ACQUIRING amulet of faith
   869 | D:1      | Acquired an amulet of faith
   871 | D:1      | 871 ||| UPGRADING to amulet of faith.
   906 | D:2      | Noticed Jessica
   908 | D:2      | Found Nepe's Book Shoppe.
   908 | D:2      | Noticed Natasha
   909 | D:2      | 909 ||| Stepping ~*~*~tactically~*~*~ (outnumbered).
   912 | D:2      | Killed Jessica
   913 | D:2      | Reached skill level 7 in Ranged Weapons
   916 | D:2      | HP: 3/20 [cerulean imp/+0 spear[Natasha] (3)]
   917 | D:2      | HP: 1/20 [cerulean imp/+0 spear[Natasha] (2)]
   918 | D:2      | Killed Natasha
   919 | D:2      | Reached XP level 4. HP: 2/25 MP: 6/6
   929 | D:2      | Noticed Natasha
   931 | D:2      | 931 ||| FLEEEEING.
   933 | D:2      | HP: 3/25 [Natasha (5)]
   934 | D:2      | HP: 1/25 [Natasha (2)]
   938 | D:2      | Slain by Natasha

Levels and vault maps discovered:
D:1:      giann_forest_graveyard, layout_basic,
          shapermc_ecumenical_altar_starsandcircs, serial_shops,
          nicolae_shop_window_shopping
D:2:      layout_rooms, serial_shops, nicolae_shop_tiny_real_fake_doors,
          basic_altar, uniq_robin, uniq_crazy_yiuf_cottage, uniq_jessica,
          uniq_natasha

Skill      XL: |  1  2  3 |
---------------+----------+-----
Ranged Weapons | 6 7 |  7.6
Fighting       | |  1.5
Dodging        | |  2.4
Stealth        | |  1.2

Action                     |  1- 3 |  4- 6 || total
---------------------------+-------+-------++-------
   Fire: Shortbow          |    68 |     7 ||    75
    Use: Scroll            |     2 |       ||     2
 Armour: Leather armour    |     4 |       ||     4
         Ring mail         |     7 |       ||     7
         Scale mail        |     1 |     1 ||     2
  Dodge: Dodged            |    17 |     4 ||    21

Table legend:
 A = Non-vault XP
 B = Vault XP
 C = Vault XP percentage of total XP
 D = Non-vault monster count
 E = Vault monster count
 F = Vault count percentage of total count
                 A         B        C        D         E       F
            +---------+---------+-------+---------+---------+-------
      Total |      42 |      72 |  63.2 |      27 |       2 |   6.9
            +---------+---------+-------+---------+---------+-------
        D:1 |      42 |       0 |   0.0 |      27 |       0 |   0.0
        D:2 |       0 |      72 | 100.0 |       0 |       2 | 100.0
            +---------+---------+-------+---------+---------+-------
